 Dungeon Crawl Stone Soup version 0.24-a0-272-g1411513 (webtiles) character file.

Game seed: 1778786993126997649

28 MisterFreud the Slasher (level 3, -1/23 HPs)
             Began as an Octopode Fighter on Apr 25, 2019.
             Slain by Natasha (2 damage)
             ... on level 2 of the Dungeon.
             The game lasted 00:01:09 (682 turns).

MisterFreud the Slasher (Octopode Fighter)           Turns: 682, Time: 00:01:10

Health: -1/23      AC:  1    Str: 15    XL:     3   Next: 12%
Magic:  3/3        EV: 11    Int: 11    God:
Gold:   34         SH:  8    Dex: 11    Spells: 2/2 levels left

rFire    + + .     SeeInvis .   a - +0 long sword
rCold    + . .     Gourm    .   b - +0 shield
rNeg     . . .     Faith    .   (helmet restricted)
rPois    +         Spirit   .   (no amulet)
rElec    +         Reflect  .   (no ring)
rCorr    +         Harm     .   (no ring)
MR       .....                  (no ring)
Stlth    ++........             (no ring)
HPRegen  0.07/turn              (no ring)
MPRegen  0.08/turn              (no ring)
                                (no ring)
                                (no ring)

@: resistant
A: almost no armour, stealthy swim, amphibious, 8 rings, constrict 8, antennae
1, camouflage 1, fire resistance 1, frail 1, gelatinous body 1, subdued magic 1
a: no special abilities


You were on level 2 of the Dungeon.
You were not hungry.

You visited 1 branch of the dungeon, and saw 2 of its levels.

You collected 34 gold pieces.

Inventory:

Hand Weapons
 a - a +0 long sword (weapon)
Missiles
 h - 36 bolts
 j - 55 stones (quivered)
Armour
 b - a +0 shield (worn)
Scrolls
 e - a scroll of remove curse {unknown}
 i - 4 scrolls of immolation {unknown}
 l - a scroll of teleportation {unknown}
Potions
 c - a potion of might
Comestibles
 d - 3 rations
 f - 5 chunks of flesh


   Skills:
 - Level 3.0 Fighting
 + Level 3.5 Long Blades
 - Level 3.0 Dodging
 - Level 3.0 Shields


You had 2 spell levels left.
You didn't know any spells.
Your spell library was empty.

Dungeon Overview and Level Annotations

Branches:
Dungeon (2/15)

Altars:

Annotations:
D:2 Natasha


Innate Abilities, Weirdness & Mutations

You cannot wear most types of armour.
You are very stealthy in the water. (Stealth+)
You are amphibious.
You can wear up to eight rings at the same time.
You can use your tentacles to constrict eight enemies at once.
Your skin changes colour to match your surroundings (Stealth+).
Your rubbery body absorbs attacks. (AC +1, EV +1)
You have a pair of small antennae on your head.
Your flesh is heat resistant. (rF+)
You are frail. (-10% HP)
Your spells are a little easier to cast, but a little less powerful.


Message History

You slash Natasha! Your grab misses Natasha.
Natasha is heavily wounded.
Natasha claws you!
* * * LOW HITPOINT WARNING * * *
You closely miss Natasha. Your grab misses Natasha.
Your squeeze misses Natasha.
Natasha is heavily wounded.
Natasha claws you.
* * * LOW HITPOINT WARNING * * *
It was a potion of mutation.
You feel extremely strange.
You feel frail.
You feel resistant to heat.
Your connection to magic feels subdued.
A pair of antennae grows on your head! You block Natasha's attack.
It was a potion of resistance.
You feel protected. You block Natasha's attack.
You hit Natasha. Your grab misses Natasha.
Natasha is severely wounded.
Natasha claws you.
You die...

###############
#########...........<.#
#[...h@....#####.####.#
.............# #.# #.#
....[.#####..# #.# #.#
.#.#.# #..####.####.# #
#. #....÷..÷..... #
#.##########.. #.#
#######.. #.. .........
########.


You could see Natasha.

Vanquished Creatures
  An ooze (D:1)
  A worm (D:2)
  A dart slug (D:2)
  2 leopard geckos
  A bat (D:1)
  A giant cockroach (D:1)
  A goblin (D:1)
  A hobgoblin (D:1)
  A quokka (D:2)
  2 ball pythons
  A kobold (D:1)
  5 rats
18 creatures vanquished.

Notes
Turn   | Place    | Note
-------+----------+-------------------------------------------
     0 | D:1      | MisterFreud the Octopode Fighter began the quest for the
                  | Orb.
     0 | D:1      | Reached XP level 1. HP: 16/16 MP: 1/1
    66 | D:1      | Reached XP level 2. HP: 18/21 MP: 2/2
   643 | D:2      | Reached XP level 3. HP: 21/26 MP: 3/3
   674 | D:2      | Noticed Natasha
   679 | D:2      | HP: 1/26 [Natasha (6)]
   680 | D:2      | Gained mutation: You are frail. (-10% HP) [potion of
                  | mutation]
   680 | D:2      | Gained mutation: Your flesh is heat resistant. (rF+)
                  | [potion of mutation]
   680 | D:2      | Gained mutation: Your spells are a little easier to cast,
                  | but a little less powerful. [potion of mutation]
   680 | D:2      | Gained mutation: You have a pair of small antennae on your
                  | head. [potion of mutation]
   682 | D:2      | Slain by Natasha

Levels and vault maps discovered:
D:1:      co_arrival_hall_of_pillars, layout_rooms
D:2:      minmay_spotlight, layout_loops_ring, uniq_natasha,
          uniq_crazy_yiuf_cottage

Skill      XL: |  1  2 |
---------------+-------+-----
Long Blades    | 3 |  3.5
Fighting       | |  3.0
Dodging        | |  3.0
Shields        | |  3.0

Action                   || total
-------------------------++-------
Melee: Long sword        ||    38
       Constrict         ||    11
       Tentacles         ||     6
  Use: Potion            ||     2
 Stab: Sleeping          ||     2
Armor: Skin              ||     1
Dodge: Dodged            ||    10
Block: Shield            ||    11
       Rpst.: Long sword ||     1

Table legend:
 A = Non-vault XP
 B = Vault XP
 C = Vault XP percentage of total XP
 D = Non-vault monster count
 E = Vault monster count
 F = Vault count percentage of total count
                 A         B        C        D         E       F
            +---------+---------+-------+---------+---------+-------
      Total |      40 |       0 |   0.0 |      18 |       0 |   0.0
            +---------+---------+-------+---------+---------+-------
        D:1 |      24 |       0 |   0.0 |      12 |       0 |   0.0
        D:2 |      16 |       0 |   0.0 |       6 |       0 |   0.0
            +---------+---------+-------+---------+---------+-------
